 Dungeon Crawl Stone Soup version 0.31-a0-647-g38d6a14cb1 (webtiles) character file.

Game seed: 9530192473157025433

11568 bombi the Grappler (level 11, -4/105 HPs)
             Began as a Troll Berserker on Aug 29, 2023.
             Was a High Priest of Trog.
             Drowned by a water elemental (7 damage)
             ... on level 11 of the Dungeon.
             The game lasted 00:32:16 (8737 turns).

bombi the Grappler (Troll Berserker)                Turns: 8737, Time: 00:32:17

Health: -4/105     AC: 11    Str: 35    XL:     11   Next: 51%
Magic:  0/10       EV: 14    Int: 12    God:    Trog [*****.]
Gold:   908        SH: 15    Dex:  9    Spells: 10/10 levels left

rFire   . .          .
                       - Unarmed
rCold   . . .        o - +3 tower shield
rNeg    . . .        K - +7 toga "Victory" {*Victory Int+7 Slay+7 Clar}
rPois   .            (helmet restricted)
rElec   .            j - scarf {repulsion}
rCorr   .            (gloves unavailable)
SInv    .            (boots unavailable)
Will    .....        v - amulet of guardian spirit
Stlth   ++           e - +5 ring of evasion
HPRegen 1.17/turn    x - +6 ring of strength
MPRegen 0.12/turn

%: repel missiles, clarity, guardian spirit
@: engulfed (cannot breathe)
A: large, unfitting armour, claws 3, regeneration 1, shaggy fur 1, tough skin 1
a: Renounce Religion, Berserk, Trog's Hand, Brothers in Arms


You were on level 11 of the Dungeon.
You worshipped Trog.
Trog was extremely pleased with you.
You visited 1 branch of the dungeon, and saw 11 of its levels.
You also visited: Ossuary.

You collected 953 gold pieces.
You spent 45 gold pieces at shops.

Inventory:

Hand Weapons
 O - the +0 broad axe of Contradiction {flame, Fly Int+3}
   (You found it on level 10 of the Dungeon)

   Int+3:     It affects your intelligence (+3).
   Fly:       It grants you flight.
Missiles
 p - 15 boomerangs
 y - 2 throwing nets
 M - 4 large rocks
 N - 9 javelins
Armour
 j - a scarf of repulsion (worn)
 o - a +3 tower shield (worn)
 r - a +0 cloak
 z - +0 steam dragon scales
 K - the +7 toga "Victory" (worn) {*Victory Int+7 Slay+7 Clar}
   (You found it on level 6 of the Dungeon)

   *Victory:  When the wearer kills a threatening monster, it has a chance to
   gain +1 AC, +1 Slay, and +1 Int, capping at +7.
   When the wearer uses a scroll or a potion with a hostile monster in sight,
   its bonuses reset to +0.
   Unequipping it also resets its bonuses to +0.
   Int+7:     It affects your intelligence (+7).
   Slay+7:    It affects your accuracy & damage with ranged weapons and melee
   (+7).
   Clar:      It protects you from confusion, rage, mesmerisation and fear.
Jewellery
 e - a +5 ring of evasion (left claw)
 k - a ring of protection from fire
 l - a +4 ring of protection
 u - a ring of magical power
 v - an amulet of guardian spirit (around neck)
 x - a +6 ring of strength (right claw)
 F - a +4 ring of protection
 Q - a ring of ice
Wands
 G - a wand of flame (29)
 L - a wand of paralysis (13)
 P - a wand of roots (4)
Scrolls
 a - a scroll of poison {unknown}
 f - a scroll of immolation {unknown}
 h - 2 scrolls of blinking
 m - a scroll of butterflies {unknown}
 n - 3 scrolls of noise
 t - a scroll of acquirement {unknown}
 w - a scroll of fear {unknown}
 B - 2 scrolls of enchant weapon
 E - a scroll of vulnerability {unknown}
 H - a scroll of amnesia {unknown}
 J - a scroll of silence {unknown}
Potions
 b - 2 potions of haste
 c - a potion of resistance {unknown}
 d - a potion of might
 g - 2 potions of enlightenment
 i - 5 potions of mutation
 q - 7 potions of curing
 s - 2 potions of attraction
 C - a potion of berserk rage {unknown}
 D - a potion of heal wounds {unknown}
 I - a potion of cancellation {unknown}


   Skills:
 * Level 5.7 Fighting
 * Level 0.7 Armour
 * Level 7.0 Dodging
 + Level 2.3 Stealth
 * Level 5.2 Shields
 * Level 13.9 Unarmed Combat


You had 10 spell levels left.
You didn't know any spells.
Your spell library was empty.

Dungeon Overview and Level Annotations

Branches:
Dungeon (11/15)            Temple (0/1) D:6            Lair (0/5) D:11
    Orc (0/2) D:9         Ossuary (visited)

Altars:
Cheibriados
Dithmenos
Elyvilon
Gozag
Kikubaaqudgha
Makhleb
Okawaru
Ru
Sif Muna
Uskayaw
Vehumet
Wu Jian
Xom
Yredelemnul
Zin
The Shining One

Shops:
D:1 =   D:5 !   D:9 (   D:10 *

Annotations:
D:5 Pikel
D:11 Sonja


Innate Abilities, Weirdness & Mutations

You are too large for most types of armour.
You have claws for hands.
Your natural rate of healing is unusually fast.
You are covered in fur. (AC +1)
You have tough skin. (AC +1)


Message History

The water elemental engulfs you in water!
You mangle the troll!!
The troll is almost dead.
Your lungs strain for air!
The troll bites you! The troll claws you! You block the troll's attack.
The water elemental hits you!
You closely miss the troll.
The troll is almost dead.
Your lungs strain for air!
You block the troll's attack. x2; The troll claws you but does no damage.
You block the water elemental's attack.
You claw the troll!
You kill the troll!
Trog accepts your kill.
* * * LOW HITPOINT WARNING * * *
Your lungs strain for air!
You scratch the water elemental.
The water elemental is lightly damaged.
* * * LOW HITPOINT WARNING * * *
Your lungs strain for air!
The water elemental hits you.
* * * LOW HITPOINT WARNING * * *
You scratch the water elemental.
The water elemental is moderately damaged.
* * * LOW HITPOINT WARNING * * *
Your lungs strain for air!
You block the water elemental's attack.
You scratch the water elemental.
The water elemental is heavily damaged.
* * * LOW HITPOINT WARNING * * *
Your lungs strain for air!
You block the water elemental's attack.
You completely miss the water elemental.
The water elemental is heavily damaged.
* * * LOW HITPOINT WARNING * * *
Your lungs strain for air!
The water elemental closely misses you.
You claw the water elemental!
The water elemental is almost destroyed.
You die...

..~≈≈≈≈.≈≈~..~.....
..~~≈~~.~≈~~......
...≈~.~.~~≈.~~..#
...~~.S.~~~.....#
....~.S.~~..~...#
................#
................#
.......#####...†######..
................@.......
.....[.........†.E......
........................
...?.........###########
..?...?.....# ........#
#########


You could see a water elemental.

Vanquished Creatures
  A two-headed ogre (D:9)
  An obsidian statue (D:9)
  3 kobold demonologists
  2 trolls
  A hornet (D:7)
  A centaur simulacrum (D:11)
  A shadow (D:10)
  2 wyverns (D:9)
  12 yaks
  Grum (D:10)
  2 wraiths
  4 steam dragons
  3 water moccasins
  6 orc warriors
  A black bear (D:8)
  2 ice beasts (D:7)
  4 ogres
  8 wolves
  8 centaurs
  2 phantoms (D:4)
  7 kobold brigands
  An elf zombie (Ossuary)
  A bullfrog (D:8)
  2 gnoll sergeants
  A scorpion (D:6)
  6 wights (D:6)
  9 killer bees
  2 howler monkeys (D:8)
  An electric eel (D:11)
  2 quasits (D:8)
  5 jellies
  3 orc priests
  3 hounds
  A gnoll bouda (D:10)
  2 sleepcaps
  5 iguanas
  8 orc wizards
  4 mummies
  13 gnolls
  9 adders
  3 shadow imps
  3 white imps
  An ufetubus (D:5)
  3 worms (D:2)
  3 dart slugs
  36 orcs
  9 ball pythons
  5 bats
  8 endoplasms
  2 giant cockroaches (D:1)
  8 goblins
  11 hobgoblins
  10 jackals
  23 kobolds
  4 quokkas (D:1)
  4 frilled lizards (D:1)
  A gnoll zombie (Ossuary)
  4 goblin zombies (Ossuary)
  2 hobgoblin zombies (Ossuary)
  6 orc zombies (Ossuary)
  3 rats
299 creatures vanquished.

Vanquished Creatures (others)
  An orc (D:6)
1 creature vanquished.

Grand Total: 300 creatures vanquished

Notes
Turn   | Place    | Note
-------+----------+-------------------------------------------
     0 | D:1      | bombi the Troll Berserker began the quest for the Orb.
     0 | D:1      | Reached XP level 1. HP: 22/22 MP: 0/0
    50 | D:1      | Reached XP level 2. HP: 29/29 MP: 1/1
   126 | D:1      | Found Bepisu's Jewellery Shoppe.
   296 | D:1      | Reached XP level 3. HP: 36/36 MP: 2/2
   387 | D:1      | Reached ** piety under Trog
   944 | D:2      | Reached skill level 4 in Unarmed Combat
   948 | D:2      | Reached XP level 4. HP: 44/44 MP: 3/3
  1323 | D:3      | Found a glowing silver altar of Zin.
  1331 | D:3      | Reached XP level 5. HP: 52/52 MP: 4/4
  1433 | D:3      | Reached skill level 5 in Unarmed Combat
  1713 | D:4      | Found a shimmering blue altar of Sif Muna.
  1808 | D:4      | Found an ancient bone altar of Kikubaaqudgha.
  1896 | D:4      | Reached *** piety under Trog
  1904 | D:4      | Noticed a phantom
  1921 | D:4      | Killed a phantom
  1922 | D:4      | Reached XP level 6. HP: 39/61 MP: 5/5
  2104 | D:4      | Found a glowing golden altar of the Shining One.
  2104 | D:4      | Found a white marble altar of Elyvilon.
  2184 | D:4      | Found an ornate altar of the Wu Jian Council.
  2190 | D:4      | Reached skill level 6 in Unarmed Combat
  2964 | D:4      | Reached XP level 7. HP: 67/67 MP: 6/6
  3174 | D:5      | Entered Level 5 of the Dungeon
  3184 | D:5      | Found Coam's Distillery.
  3186 | D:5      | Found a sand-covered staircase.
  3210 | Ossuary  | Entered an ossuary
  3316 | Ossuary  | Reached skill level 7 in Unarmed Combat
  3388 | D:5      | Bought a potion of curing for 45 gold pieces
  3562 | D:5      | Found a burning altar of Makhleb.
  3567 | D:5      | Identified the +6 whip of the Warrior {freeze, rElec rPois
                  | MP+9 Int-5}
  3717 | D:5      | Noticed Pikel
  3720 | D:5      | Reached skill level 1 in Stealth
  3782 | D:5      | Reached **** piety under Trog
  4013 | D:6      | Noticed a steam dragon
  4045 | D:6      | Killed a steam dragon
  4046 | D:6      | Reached skill level 8 in Unarmed Combat
  4046 | D:6      | Reached XP level 8. HP: 75/75 MP: 7/7
  4092 | D:6      | Found a staircase to the Ecumenical Temple.
  4300 | D:6      | Found a hide-covered altar of Uskayaw.
  4349 | D:6      | Found a sacrificial altar of Ru.
  4414 | D:6      | Reached skill level 9 in Unarmed Combat
  4536 | D:6      | Found an iron altar of Okawaru.
  4538 | D:6      | Found a runed translucent door.
  4542 | D:6      | Found the +0 toga "Victory" {*Victory Clar}
  4758 | D:6      | Reached skill level 1 in Shields
  5164 | D:6      | Reached skill level 5 in Dodging
  5164 | D:6      | Reached XP level 9. HP: 77/84 MP: 6/8
  5259 | D:7      | Found a snail-covered altar of Cheibriados.
  5277 | D:7      | Reached skill level 10 in Unarmed Combat
  5677 | D:7      | Found a basalt altar of Yredelemnul.
  6136 | D:8      | Reached skill level 11 in Unarmed Combat
  6260 | D:8      | Reached ***** piety under Trog
  6581 | D:9      | Found a shadowy altar of Dithmenos.
  6615 | D:9      | Reached XP level 10. HP: 94/94 MP: 9/9
  6751 | D:9      | Found a radiant altar of Vehumet.
  6771 | D:9      | Noticed a two-headed ogre
  6784 | D:9      | Killed a two-headed ogre
  6817 | D:9      | Reached skill level 12 in Unarmed Combat
  6831 | D:9      | Found a shimmering altar of Xom.
  6989 | D:9      | Noticed an obsidian statue
  7012 | D:9      | Reached skill level 5 in Fighting
  7095 | D:9      | Killed an obsidian statue
  7101 | D:9      | Found an opulent altar of Gozag.
  7108 | D:9      | Found Roxtisch's Antique Weapon Emporium.
  7142 | D:9      | Found a staircase to the Orcish Mines.
  7233 | D:9      | Found a radiant altar of Vehumet.
  7256 | D:9      | Reached skill level 13 in Unarmed Combat
  7496 | D:10     | Entered Level 10 of the Dungeon
  7504 | D:10     | Noticed an orange demon
  7511 | D:9      | Received a gift from Trog
  7531 | D:10     | Reached XP level 11. HP: 104/104 MP: 10/10
  7748 | D:10     | Noticed Grum
  7765 | D:10     | Killed Grum
  7863 | D:10     | Identified the +0 broad axe of Contradiction {flame, Fly
                  | Int+3}
  8033 | D:10     | Reached skill level 5 in Shields
  8281 | D:10     | Found Aloxzeh's Fire Supplies.
  8599 | D:11     | Found a staircase to the Lair.
  8645 | D:11     | Noticed Sonja
  8736 | D:11     | HP: 2/105 [drowned by a water elemental (7)]
  8737 | D:11     | Drowned by a water elemental

Illustrated notes

Levels and vault maps discovered:
D:1:      dpeg_arrival_signposts, layout_basic, serial_shops, shop,
          serial_bayou, serial_bayou_shore_a, serial_bayou_crossing,
          serial_bayou_pond_b, serial_bayou_pond_d
D:2:      layout_rooms
D:3:      layout_rooms, mainiacjoe_overflow_small_starburst
D:4:      layout_layer_cave, lemuel_crystal_altar, kennysheep_orc_sif_temple,
          gammafunk_temple_overflow_elements, mainiacjoe_overflow_paths
D:5:      layout_loops_ring, bloody_makhleb, lemuel_coloured_pillars_altar,
          serial_shops, shop, gup_ossuary_entry_pyramid, uniq_pikel
D:6:      layout_loops_corners, nicolae_ru_awakened_eye,
          nicolae_overflow_guarded_unrand_okawaru_victory,
          mainiacjoe_overflow_six_doors_small, minmay_temple_entry_wispy
D:7:      layout_cave_pods, slow_altar_1, lemuel_doored_altar
D:8:      layout_rooms, serial_demonic, serial_demonic_d, serial_demonic_a,
          serial_demonic_e, serial_demonic_e, minmay_orc_keep
D:9:      layout_irregular_city, nicolae_dithmenos_the_darkroom,
          mainiacjoe_overflow_catwalk, nicolae_overflow_hidden_temple,
          orc_0_dummy, serial_shops, shop, minmay_door_square,
          hangedman_feature_mirror, minivault_16
D:10:     layout_long_grid, nicolae_shop_fire_sale [nicolae_sub_dead_trees],
          minmay_chambers_of_fives, uniq_grum
D:11:     layout_irregular_city, erik_lair_island, serial_shops,
          nicolae_shop_stone, uniq_josephine, uniq_sonja

Skill      XL: |  1  2  3  4  5  6  7  8  9 10 11 |
---------------+----------------------------------+-----
Unarmed Combat | 4 5 6 8 9 11 13 | 13.9
Dodging        | 3 4 5 6 7 |  7.0
Fighting       | 3 4 5 |  5.7
Stealth        | 1 2 |  2.3
Shields        | 1 2 4 5 |  5.2
Armour         | |  0.7

Action                     |  1- 3 |  4- 6 |  7- 9 | 10-12 || total
---------------------------+-------+-------+-------+-------++-------
  Melee: Unarmed           |   101 |   155 |   273 |   242 ||   771
         Punch             |     1 |     1 |     9 |       ||    11
    Use: Scroll            |     1 |     5 |     5 |     7 ||    18
         Potion            |       |       |       |     2 ||     2
   Stab: Sleeping          |     1 |       |     1 |     2 ||     4
 Armour: Animal skin       |    25 |    27 |    14 |       ||    66
         Steam dragon scal |       |       |    11 |       ||    11
         Robe              |       |       |    28 |    40 ||    68
  Dodge: Dodged            |    51 |    98 |   194 |   132 ||   475
         Repelled          |       |       |     2 |       ||     2
  Block: Tower shield      |       |       |     4 |   214 ||   218

Table legend: (Time is in decaauts)
 A = Elapsed time spent in this place.
 B = Non-inter-level travel time spent in this place.
 C = Inter-level travel time spent in this place.
 D = Time resting spent in this place.
 E = Time spent auto-exploring this place.
 F = Levels seen in this place.
 G = Mean time per level.
                   A        B        C        D        E       F      G
               +--------+--------+--------+--------+--------+-----+--------+
         Total |   8654 |   8144 |    510 |     31 |   5608 |  12 |  721.2 |
       Dungeon |   8490 |   7980 |    510 |     31 |   5547 |  11 |  771.8 |
       Ossuary |    163 |    163 |      0 |      0 |     61 |   1 |  163.0 |
               +--------+--------+--------+--------+--------+-----+--------+

Top non-repeatable levels by time:
     D:4: 1456 daAuts
     D:6: 1213 daAuts
     D:9: 968 daAuts
    D:10: 861 daAuts
     D:1: 809 daAuts
     D:7: 714 daAuts
     D:5: 675 daAuts
     D:8: 568 daAuts
     D:3: 500 daAuts
     D:2: 397 daAuts
    D:11: 325 daAuts
 Ossuary: 163 daAuts
